 Dungeon Crawl Stone Soup version 0.30-a0-652-gcc886f7154 (webtiles) character file.

Game seed: 11143379584685816006

201015 drugrobin the Warrior (level 17, -4/168 HPs)
             Began as a Demigod Delver on Jan 18, 2023.
             Slain by a naga warrior
             ... wielding a +0 trident
              (15 damage)
             ... on level 3 of the Snake Pit.
             The game lasted 02:35:26 (42851 turns).

drugrobin the Warrior (Demigod Delver)             Turns: 42851, Time: 02:35:27

Health: -4/168     AC: 13    Str: 27    XL:     17   Next: 29%
Magic:  31/31      EV:  9    Int: 20    God:
Gold:   1759       SH:  7    Dex: 29    Spells: 2/29 levels left

rFire   + . .      SeeInvis +    a - +7 hand axe "Cavyelil" {heavy, +Blink Will+ Dex+7}
rCold   + + .      Faith    .    I - +2 buckler {rC+}
rNeg    . . .      Spirit   .    k - +0 troll leather armour
rPois   +          Reflect  .    q - +0 helmet of Calculation {rF+ SInv}
rElec   +          Harm     .    V - +2 cloak {rPois}
rCorr   .          Rampage  .    U - +1 pair of gloves {Dex+3}
Will    +++..                    Q - +2 pair of boots
Stlth   +++                      B - amulet of regeneration
HPRegen 2.08/turn                N - ring of willpower
MPRegen 0.22/turn                g - ring "Heblinom" {rElec rC+ Str+6 Slay+3}

@: constricted
A: high MP 1, forlorn, divine attributes
}: 1/15 runes: decaying
a: Evoke Blink


You were on level 3 of the Snake Pit.
You visited 5 branches of the dungeon, and saw 29 of its levels.
You visited the Abyss 1 time.
You also visited: Ice Cave.

You collected 3539 gold pieces.
You spent 1780 gold pieces at shops.

Inventory:

Hand Weapons
 a - the +7 hand axe "Cavyelil" (weapon) {heavy, +Blink Will+ Dex+7}
   (You bought it in a shop on level 2 of the Orcish Mines)

   Dex:       It affects your dexterity (+7).
   +Blink:    It lets you blink.
   Will:      It increases your willpower.
 c - the +9 lance "Wyrmbane" {slay drac, rPois rF+ rC+ AC+3}
   (You took it off Maggie on level 6 of the Dungeon)

   AC:        It affects your AC (+3).
   rF:        It protects you from fire.
   rC:        It protects you from cold.
   rPois:     It protects you from poison.
 d - a +0 demon trident of venom
 E - a +1 hand axe of flaming
 X - a +0 heavy broad axe
Missiles
 x - 39 poisoned darts (quivered)
 H - a curare-tipped dart
Armour
 k - a +0 troll leather armour (worn)
 q - the +0 helmet of Calculation (worn) {rF+ SInv}
   (You found it on level 1 of the Snake Pit)

   rF:        It protects you from fire.
   SInv:      It lets you see invisible.
 I - a +2 buckler of cold resistance (worn)
 Q - a +2 pair of boots (worn)
 U - a +1 pair of gloves of dexterity (worn)
 V - a +2 cloak of poison resistance (worn)
Magical Staves
 b - a staff of fire
Jewellery
 g - the ring "Heblinom" (right hand) {rElec rC+ Str+6 Slay+3}
   (You found it in an ice cave)

   [ring of strength]

   Str:       It affects your strength (+6).
   Slay:      It affects your accuracy & damage with ranged weapons and melee
   (+3).
   rC:        It protects you from cold.
   rElec:     It insulates you from electricity.
 i - a ring of protection from fire
 j - a +6 ring of strength
 p - a ring of ice
 B - an amulet of regeneration (around neck)
 G - a ring of protection from fire
 L - a ring of resist corrosion
 N - a ring of willpower (left hand)
Wands
 f - a wand of digging (1)
 o - a wand of flame (3)
 v - a wand of quicksilver (13)
 C - a wand of paralysis (19)
 D - a wand of roots (34)
 J - a wand of mindburst (12)
Scrolls
 h - a scroll of torment
 l - 6 scrolls of immolation
 n - 3 scrolls of identify
 r - 2 scrolls of butterflies
 s - 5 scrolls of vulnerability
 t - 16 scrolls of teleportation
 u - 6 scrolls of fog
 R - 5 scrolls of poison
Potions
 e - 2 potions of haste
 m - 16 potions of curing
 z - 8 potions of might
 F - 2 potions of berserk rage
 K - 5 potions of mutation
 M - 7 potions of lignification
 O - 3 potions of invisibility
 P - a potion of ambrosia
 S - 2 potions of resistance
 T - 2 potions of heal wounds
 W - a potion of attraction
 Y - 2 potions of brilliance
Miscellaneous
 w - a phantom mirror
 y - a lightning rod (4/4)


   Skills:
 + Level 19.5 Fighting
 + Level 17.4 Axes
 - Level 1.7 Dodging
 - Level 4.5 Stealth
 - Level 2.2 Unarmed Combat
 + Level 6.7 Spellcasting
 - Level 8.0 Conjurations
 + Level 14.2 Fire Magic


You had 2 spell levels left.
You knew the following spells:

 Your Spells              Type           Power      Damage    Failure   Level
a - Foxfire               Conj/Fire      100%       2x1d9     1%          1
b - Wereblood             Tmut           6%         N/A       22%         2
c - Beastly Appendage     Tmut           12%        N/A       16%         1
d - Sticky Flame          Conj/Fire      50%        2d7       1%          4
e - Blink                 Tloc           12%        N/A       22%         2
f - Fireball              Conj/Fire      25%        3d11      4%          5
g - Iskenderun's Battles  Conj           38%        2d9       16%         5
h - Flame Wave            Conj/Fire      50%        2d12      1%          4
i - Inner Flame           Hex/Fire       35%        N/A       2%          3

Your spell library contained the following spells:

 Spells                   Type           Power      Damage    Failure   Level
 Kiss of Death            Conj/Necr      88%        2d12      3%          1
 Momentum Strike          Conj/Tloc      44%        3d9       4%          2
 Necrotise                Necr           24%        1d5       16%         1
 Sandblast                Erth           12%        2d6       16%         1
 Slow                     Hex            24%        N/A       16%         1
 Ensorcelled Hibernation  Hex/Ice        12%        N/A       22%         2
 Lesser Beckoning         Tloc           12%        N/A       22%         2
 Passwall                 Tmut/Erth      5%         N/A       22%         2
 Sublimation of Blood     Necr           6%         N/A       22%         2
 Ignite Poison            Fire/Tmut/Pois 25%        N/A       6%          3
 Stone Arrow              Conj/Erth      44%        3d9       9%          3
 Starburst                Conj/Fire      25%        6d8       24%         6
 Confusing Touch          Hex            6%         N/A       41%         3
 Ozocubu's Armour         Ice            6%         N/A       41%         3
 Spider Form              Tmut/Pois      6%         N/A       41%         3
 Vampiric Draining        Necr           6%         2d6       41%         3
 Irradiate                Conj/Tmut      11%        3d15      63%         5
 Anguish                  Hex/Necr       3%         N/A       83%         4
 Animate Armour           Summ/Erth      12%        N/A       83%         4
 Animate Dead             Necr           6%         N/A       83%         4
 Dispel Undead            Necr           6%         3d8       83%         4
 Ice Form                 Ice/Tmut       6%         N/A       83%         4
 Petrify                  Tmut/Erth      6%         N/A       83%         4
 Ignition                 Fire           29%        3d9       96%         8
 Lee's Rapid Deconstruct  Erth           3%         3d5*      99%         5
 Metabolic Englaciation   Hex/Ice        3%         N/A       99%         5
 Iron Shot                Conj/Erth      11%        9d3       99%         6
 Simulacrum               Ice/Necr       3%         N/A       100%        6
 Spellforged Servitor     Conj/Summ      11%        N/A       100%        7


Dungeon Overview and Level Annotations

Branches:
Dungeon (15/15)            Temple (0/1) D:5            Lair (5/5) D:10
  Swamp (4/4) Lair:3        Snake (3/4) Lair:3        Slime (0/5) Lair:4
    Orc (2/2) D:12            Elf (0/3) Orc:2        Vaults (0/5) D:14
 Depths (0/4) D:15          IceCv (visited)

Shops:
D:13 :   Orc:2 !*([!   Snake:2 *![*

Annotations:
D:15 Jorgrun
Swamp:1 Aizul
Snake:3 Mara


Innate Abilities, Weirdness & Mutations

You have an increased reservoir of magic. (+10% MP)
You shall have no god before yourself.
Your divine heritage dramatically boosts your attributes as you level up.


Message History

You slice the naga warrior!!
The naga warrior is almost dead.
You slice the salamander!! The naga warrior barely misses you.
The naga warrior constricts you. You block the salamander's attack.
Unknown command.
Unknown command.
You barely miss the naga warrior.
The naga warrior is almost dead.
You slash the salamander!
The naga warrior hits you with a +0 trident!
The naga warrior constricts you. The salamander hits you!
* * * LOW HITPOINT WARNING * * *
You are engulfed in flames.
You resist.
* * * LOW HITPOINT WARNING * * *
Unknown command.
Unknown command.
Unknown command.
Unknown command.
You hit the naga warrior.
The naga warrior is almost dead.
You slash the salamander!
The naga warrior hits you with a +0 trident!!
* * * LOW HITPOINT WARNING * * *
The naga warrior constricts you.
* * * LOW HITPOINT WARNING * * *
You block the salamander's attack.
Unknown command.
Unknown command.
Unknown command.
Unknown command.
Unknown command.
Unknown command.
Unknown command.
Unknown command.
Unknown command.
You hit the naga warrior but do no damage.
The naga warrior is almost dead.
You barely miss the salamander.
The naga warrior hits you with a +0 trident!
You die...

#. .. ### # ### #.
....#.# #....####
#..)[<#################
#..###N@N)..............
#. ###############.... #
........### #########


You could see a naga warrior and a salamander (strong).

Vanquished Creatures
  3 thorn hunters
  A nagaraja (Snake:2)
  Louise (Snake:3)
  A draconian knight (IceCv)
  An orc warlord (Orc:2)
  3 bunyips
  3 eleionomae
  4 dire elephants (Lair:5)
  5 white draconians (IceCv)
  An ettin (Orc:1)
  2 blizzard demons (Abyss:2)
  2 shambling mangroves
  16 hydras
  A ghost crab (Swamp:3)
  2 catoblepae (Lair:5)
  A spriggan air mage (Swamp:3)
  A death knight (D:14)
  7 boulder beetles
  2 anacondas (Lair:3)
  The ghost of pokeman the Thaumaturge, a journeyman DEHW of Vehumet (D:9)
  7 centaur warriors
  15 alligators
  8 two-headed ogres
  8 death yaks
  4 naga warriors
  A spectral dire elephant (Lair:5)
  A spriggan berserker (Swamp:1)
  2 orc high priests (Orc:2)
  2 naga sharpshooters (Snake:1)
  3 thrashing horrors (Abyss:2)
  3 shock serpents (Snake:2)
  3 salamander mystics
  5 goliath frogs
  A shadow wraith (D:14)
  6 skeletal warriors
  An orb spider (shapeshifter) (D:14)
  A spatial maelstrom (Abyss:2)
  3 spriggan druids (Swamp:2)
  A glowing orange brain (Abyss:2)
  A spectral anaconda (Lair:5)
  A bog body (Swamp:2)
  11 swamp dragons
  A lindwurm (D:14)
  A wolf spider zombie (D:15)
  An obsidian statue (Lair:5)
  A wizard (D:12)
  4 naga ritualists
  2 orc knights
  An orange crystal statue (IceCv)
  3 mana vipers
  4 necromancers (Lair:5)
  5 deep elf pyromancers
  4 orc sorcerers
  10 ugly things
  An oklob plant (Snake:1)
  4 will-o-the-wisps
  12 salamanders
  6 cyclopes
  5 manticores
  11 elephants (Lair:5)
  27 black mambas
  A guardian serpent (Snake:3)
  14 cane toads
  3 gargoyles
  A smoke demon (Abyss:2)
  10 naga magi
  6 storm dragon simulacra (IceCv)
  2 kobold demonologists (D:12)
  2 centaur skeletons (D:15)
  10 komodo dragons
  An unseen horror (D:12)
  6 freezing wraiths
  3 rime drakes (Lair:5)
  2 tengu conjurers (D:12)
  An ancient zyme (Abyss:2)
  4 golden dragon simulacra (IceCv)
  An efreet (D:12)
  A tormentor (Abyss:2)
  3 starcursed masses (Abyss:2)
  A meliai (shapeshifter) (D:14)
  7 tyrant leeches
  A bloated husk (Swamp:1)
  10 trolls
  4 polar bears
  8 hornets
  6 large abominations (Abyss:2)
  Prince Ribbit (D:6)
  29 blink frogs
  7 dream sheep (Lair:5)
  A flying skull (Abyss:2)
  3 small abominations
  2 shadows (D:12)
  6 slime creatures
  A jumping spider (shapeshifter) (D:12)
  2 ynoxinuls (Abyss:2)
  5 spriggans
  A centaur simulacrum (D:14)
  5 wyverns
  59 yaks
  5 wraiths
  7 basilisks
  A chaos spawn (Abyss:2)
  3 neqoxecs (Abyss:2)
  3 steam dragons
  A death yak simulacrum (Lair:5)
  9 vampire mosquitoes
  2 wargs (Orc:2)
  24 nagas
  A spectral cane toad (Lair:5)
  6 acid dragons
  16 swamp worms
  Duvessa (D:4)
  18 water moccasins
  A meliai simulacrum (D:15)
  6 swamp drakes
  2 sky beasts
  A black bear (D:7)
  A black bear (shapeshifter) (D:14)
  An ice beast (D:6)
  An elephant zombie (Lair:5)
  9 ogres
  34 orc warriors
  15 centaurs
  11 wolves
  7 ice dragon simulacra (IceCv)
  2 phantoms
  2 kobold brigands
  11 bullfrogs
  A gnoll sergeant (D:5)
  4 scorpions
  A cane toad simulacrum (Lair:5)
  A necrophage (D:5)
  A hornet simulacrum (D:15)
  8 wights (D:8)
  An elephant simulacrum (Lair:5)
  4 lindwurm simulacra (IceCv)
  9 killer bees
  3 electric eels
  10 howler monkeys
  19 orc priests
  A gnoll bouda (D:10)
  4 hounds
  An iron imp (Abyss:2)
  3 jellies
  3 iguanas
  27 orc wizards
  5 hell rats (Lair:1)
  5 adders
  11 gnolls
  2 white imps (Abyss:2)
  An ufetubus (Abyss:2)
  A worm (D:2)
  2 dart slugs
  104 orcs
  8 bats
  7 endoplasms
  15 giant cockroaches
  8 goblins
  9 hobgoblins
  7 jackals
  13 kobolds
  3 quokkas
  7 ball pythons
  4 frilled lizards
  7 rats
  A butterfly (Lair:4)
1001 creatures vanquished.

Vanquished Creatures (collateral kills)
  A hydra (Lair:3)
  Maggie (D:6)
  Dowan (D:4)
  7 foxfires (Lair:2)
10 creatures vanquished.

Vanquished Creatures (others)
  A bunyip (Swamp:2)
  A necromancer (D:15)
  A bloated husk (Swamp:2)
  2 briar patches (Swamp:3)
  A demonic plant (Abyss:2)
  554 foxfires
  37 fungi
  52 plants
  21 withered plants (Lair:5)
670 creatures vanquished.

Grand Total: 1681 creatures vanquished

Notes
Turn   | Place    | Note
-------+----------+-------------------------------------------
     0 | D:5      | drugrobin the Demigod Delver began the quest for the Orb.
     0 | D:5      | Reached XP level 1. HP: 18/18 MP: 3/3
    16 | D:5      | Noticed a scorpion
    32 | D:6      | Noticed a hound
    34 | D:6      | Noticed a hound
    48 | D:5      | Noticed a jelly
    55 | D:6      | Noticed a sky beast
    55 | D:6      | Noticed an iguana
    62 | D:5      | Noticed an orc priest
    87 | D:5      | Noticed a scorpion
   109 | D:5      | Noticed a sky beast
   225 | D:4      | Reached skill level 1 in Axes
   325 | D:4      | Noticed an orc priest
   375 | D:2      | Reached XP level 2. HP: 24/25 MP: 4/4
   645 | D:2      | Reached XP level 3. HP: 22/30 MP: 5/5
   900 | D:2      | Learned a level 1 spell: Foxfire
  2146 | D:3      | Reached XP level 4. HP: 21/37 MP: 6/6
  2286 | D:3      | Reached skill level 5 in Axes
  3086 | D:4      | Noticed Duvessa
  3089 | D:4      | Noticed Dowan
  3206 | D:4      | Reached XP level 5. HP: 32/42 MP: 7/7
  3542 | D:4      | Killed Duvessa
  3543 | D:4      | Reached XP level 6. HP: 17/50 MP: 8/8
  3580 | D:4      | HP: 1/50 [constriction (4)]
  3581 | D:4      | Killed Dowan
  4283 | D:5      | Reached XP level 7. HP: 16/56 MP: 9/9
  4287 | D:5      | Reached skill level 10 in Axes
  4719 | D:5      | Found a staircase to the Ecumenical Temple.
  5148 | D:6      | Noticed Prince Ribbit
  5149 | D:6      | Noticed Maggie
  5190 | D:5      | Reached XP level 8. HP: 40/62 MP: 10/10
  5290 | D:6      | Identified the +10 rapier "Elu Jeydy" {drain, Str+3 Stlth+}
  5324 | D:6      | Killed Prince Ribbit
  5507 | D:6      | Killed Maggie
  5848 | D:6      | Learned a level 2 spell: Wereblood
  6385 | D:7      | Reached XP level 9. HP: 48/68 MP: 11/11
  6597 | D:7      | Reached skill level 3 in Fighting
  6632 | D:7      | Reached skill level 1 in Spellcasting
  7027 | D:7      | Reached skill level 4 in Fighting
  7888 | D:8      | Reached skill level 5 in Fighting
  8483 | D:9      | Learned a level 1 spell: Beastly Appendage
  8493 | D:9      | Reached skill level 6 in Fighting
  8615 | D:9      | Reached XP level 10. HP: 83/83 MP: 19/19
  9119 | D:9      | Reached skill level 7 in Fighting
  9343 | D:9      | Found a runed translucent door.
  9343 | D:9      | Noticed pokeman's ghost (journeyman DEHW)
  9603 | D:9      | Reached skill level 8 in Fighting
 10117 | D:10     | Entered Level 10 of the Dungeon
 10401 | D:10     | Noticed a two-headed ogre
 10422 | D:10     | Killed a two-headed ogre
 10423 | D:10     | Reached skill level 9 in Fighting
 10595 | D:10     | Found a staircase to the Lair.
 10828 | D:10     | Noticed a two-headed ogre
 10838 | D:10     | Killed a two-headed ogre
 11100 | D:10     | Reached skill level 10 in Fighting
 11574 | D:11     | Noticed a boulder beetle
 11605 | D:11     | Killed a boulder beetle
 11606 | D:11     | Reached XP level 11. HP: 39/101 MP: 20/20
 11879 | D:11     | Reached skill level 11 in Fighting
 12424 | D:11     | Noticed a two-headed ogre
 12534 | D:11     | Killed a two-headed ogre
 12744 | D:11     | Reached skill level 12 in Fighting
 13010 | Lair:1   | Entered Level 1 of the Lair of Beasts
 13059 | Lair:1   | HP: 1/105 [blink frog (14)]
 13407 | Lair:1   | Reached skill level 13 in Fighting
 14722 | Lair:2   | Reached skill level 14 in Fighting
 14798 | Lair:2   | Reached XP level 12. HP: 115/117 MP: 21/21
 14827 | Lair:2   | Learned a level 4 spell: Sticky Flame
 14987 | Lair:2   | Reached skill level 1 in Conjurations
 14987 | Lair:2   | Reached skill level 1 in Fire Magic
 15597 | Lair:2   | Learned a level 2 spell: Blink
 16502 | Lair:3   | Noticed a seven-headed hydra
 16531 | Lair:3   | Killed a seven-headed hydra
 16714 | Lair:3   | Noticed a six-headed hydra
 16729 | Lair:3   | Killed a six-headed hydra
 16954 | Lair:3   | Found a staircase to the Snake Pit.
 17045 | Lair:3   | Noticed a four-headed hydra
 17652 | Lair:3   | Found a staircase to the Swamp.
 17708 | Lair:3   | Noticed a four-headed hydra
 17739 | Lair:3   | Killed a four-headed hydra
 17746 | Lair:3   | Killed a four-headed hydra
 18333 | Lair:4   | Found a staircase to the Slime Pits.
 18358 | Lair:4   | Identified the +3 plate armour "Olikos" {*Slow rF+++ rC++
                  | Int-2}
 18434 | Lair:4   | Reached skill level 15 in Fighting
 18493 | Lair:4   | Noticed an eight-headed hydra
 18662 | Lair:4   | Identified the +4 scale mail "Lakhacoemi" {rPois}
 18986 | Lair:4   | Learned a level 5 spell: Fireball
 19050 | Lair:4   | Reached XP level 13. HP: 94/126 MP: 22/22
 19482 | Lair:5   | Entered Level 5 of the Lair of Beasts
 19542 | Lair:5   | HP: 5/126 [catoblepas (24)]
 19558 | Lair:5   | Reached skill level 15 in Axes
 19904 | Lair:5   | Reached skill level 5 in Conjurations
 19904 | Lair:5   | Reached skill level 5 in Fire Magic
 21438 | Lair:5   | Noticed a dire elephant
 21438 | Lair:5   | Noticed a dire elephant
 21439 | Lair:5   | Noticed a dire elephant
 21439 | Lair:5   | Noticed a dire elephant
 23081 | D:12     | Reached XP level 14. HP: 108/135 MP: 24/24
 23400 | D:12     | Learned a level 5 spell: Iskenderun's Battlesphere
 24200 | D:12     | Reached skill level 5 in Spellcasting
 24236 | D:12     | Found a staircase to the Orcish Mines.
 24671 | Orc:1    | Entered Level 1 of the Orcish Mines
 24818 | Orc:2    | Entered Level 2 of the Orcish Mines
 25495 | Orc:2    | Found a staircase to the Elven Halls.
 25560 | Orc:2    | Found Obannaj's Distillery.
 25610 | Orc:2    | Bought a potion of invisibility for 112 gold pieces
 25610 | Orc:2    | Bought a potion of resistance for 140 gold pieces
 25610 | Orc:2    | Bought a potion of heal wounds for 70 gold pieces
 25610 | Orc:2    | Bought a potion of curing for 42 gold pieces
 25610 | Orc:2    | Bought a potion of curing for 42 gold pieces
 26012 | Orc:2    | Found Cetaxe's Distillery.
 26017 | Orc:2    | Bought a potion of cancellation for 96 gold pieces
 26017 | Orc:2    | Bought a potion of attraction for 36 gold pieces
 26017 | Orc:2    | Bought a potion of berserk rage for 60 gold pieces
 26311 | Orc:2    | Learned a level 4 spell: Flame Wave
 26364 | Orc:2    | Found Awisch's General Store.
 26371 | Orc:2    | Bought a scroll of identify for 28 gold pieces
 26525 | Abyss:2  | Cast into level 2 of the Abyss (chaos spawn)
 26571 | Abyss:2  | Noticed a cacodemon
 26613 | Abyss:2  | HP: 6/136 [smoke demon (2)]
 26780 | Abyss:2  | Noticed a bone dragon
 26887 | Abyss:2  | Reached skill level 16 in Fighting
 26903 | Abyss:2  | Noticed a lich
 27492 | Orc:2    | Escaped the Abyss
 27730 | Orc:2    | Noticed an orc warlord
 27800 | Orc:2    | Killed an orc warlord
 27982 | Orc:2    | Found Bigun's Antique Armour Shoppe.
 28004 | Orc:2    | Found Bezolimo's Antique Weapon Emporium.
 28013 | Orc:2    | Bought a pair of embroidered gloves for 157 gold pieces
 28013 | Orc:2    | Bought a runed cloak for 157 gold pieces
 28039 | Orc:2    | Bought a polished hand axe for 200 gold pieces
 28039 | Orc:2    | Identified the +7 hand axe "Cavyelil" {heavy, +Blink Will+
                  | Dex+7} (You bought it in a shop on level 2 of the Orcish
                  | Mines)
 28039 | Orc:2    | Bought a broad axe for 100 gold pieces
 28536 | D:13     | Identified the +6 flail "Kuleimupp" {distort, Contam rPois
                  | Str+3}
 28594 | D:13     | Reached XP level 15. HP: 74/145 MP: 28/28
 28836 | D:13     | Found Qilad's Book Emporium.
 29368 | D:14     | Reached skill level 10 in Fire Magic
 29448 | D:14     | Reached skill level 17 in Fighting
 29984 | D:14     | Found a gate to the Vaults.
 30705 | D:15     | Entered Level 15 of the Dungeon
 30891 | D:15     | Noticed Jorgrun
 31074 | D:15     | Found a staircase to the Depths.
 31882 | D:9      | Killed pokeman's ghost
 32228 | Lair:5   | Got the Quarto of Remoulded Geology
 32440 | Lair:5   | Got Kikubaaqudgh's Folio of Evil Words
 32831 | Snake:1  | Entered Level 1 of the Snake Pit
 33304 | Lair:3   | Reached skill level 18 in Fighting
 33690 | Snake:1  | Identified the +0 helmet of Calculation {rF+ SInv}
 34471 | Snake:2  | Found Bodghoun's General Store.
 34473 | Snake:2  | Found Gecsyk Cere's Armour Shop.
 34473 | Snake:2  | Found Zurhug Piusa's Distillery.
 34476 | Snake:2  | Found Beely's General Store.
 34478 | Snake:2  | Bought a +1 hand axe of flaming for 173 gold pieces
 34478 | Snake:2  | Bought 2 potions of heal wounds for 140 gold pieces
 34487 | Snake:2  | Bought a potion of curing for 54 gold pieces
 34487 | Snake:2  | Bought a potion of curing for 54 gold pieces
 34490 | Snake:2  | Bought a potion of curing for 51 gold pieces
 34490 | Snake:2  | Bought a potion of might for 68 gold pieces
 34827 | Snake:2  | Reached XP level 16. HP: 61/157 MP: 22/29
 35821 | Snake:3  | Noticed Louise
 35990 | Snake:2  | Learned a level 3 spell: Inner Flame
 36142 | Snake:3  | Noticed Mara
 36444 | Swamp:1  | Entered Level 1 of the Swamp
 36658 | Swamp:1  | Noticed Aizul
 38486 | Swamp:2  | Reached skill level 19 in Fighting
 38714 | Swamp:3  | Identified the +0 cloak of Peek-a-Boo {rF++ Dex-4 SInv}
 38740 | Swamp:3  | Found a frozen archway.
 38744 | IceCv    | Entered an ice cave
 40070 | IceCv    | Identified the ring "Jufamn" {rCorr MP+9 Str-4 Dex+6
                  | Slay-3}
 40152 | IceCv    | Identified the ring "Heblinom" {rElec rC+ Str+6 Slay+3}
 40863 | Swamp:3  | Reached XP level 17. HP: 28/168 MP: 24/30
 41059 | Swamp:4  | Entered Level 4 of the Swamp
 41767 | Swamp:4  | Got a decaying rune of Zot
 42156 | Swamp:4  | Paralysed by a hornet for 2 turns
 42646 | Snake:3  | Killed Louise
 42851 | Snake:3  | Slain by a naga warrior

Illustrated notes

Levels and vault maps discovered:
D:1:      dpeg_arrival_rooms_c, layout_basic, minmay_cut_off
D:2:      layout_basic, ebering_ecumenical_altar_rust, roderic_lattice_a
D:3:      minmay_roachtagon, layout_basic, minmay_misc_feat_plants,
          minmay_checkerbox
D:4:      layout_basic, serial_corexii_hall, chequers_hall_statues_corner_a,
          chequers_hall_statues_corner_a, uniq_duvessa
D:5:      layout_rooms, mainiacjoe_overflow_alcove_1,
          minmay_temple_entry_stoned_glass, lemuel_flame_loot_1
D:6:      layout_loops_ring, uniq_prince_ribbit1, uniq_maggie
D:7:      layout_rooms, grunt_dithmenos_shadows
D:8:      layout_rooms, mainiacjoe_overflow_24_doors,
          nicolae_ru_great_annihilating_truth, serial_glass, glass_columns_a,
          glass_columns_a, grunt_decor_fettered
D:9:      layout_loops_corners, mainiacjoe_overflow_six_doors_small,
          jmf_multi_god_temple, hellmonk_ghost_happy_afterlife, st_stairs_3
D:10:     layout_loops_ring, old_standard_altar, nicolae_ashenzari_panopticon,
          lair_entry_dummy, amcnicky_mini_rare_corridor_liquid
D:11:     layout_big_octagon, serial_column_ruins, column_ruins_temple_hall,
          column_ruins_corridor_straight, column_ruins_grid_3,
          column_ruins_corridor_straight, column_ruins_columns_dead_end
D:12:     minmay_big_diamond_grid, layout_basic, david_orc_2
D:13:     layout_long_grid, serial_shops, nicolae_take_the_stairs
D:14:     layout_layer_cave, david_vaults_4, nrook_mini_backslash
D:15:     grunt_enter_depths_magical_seal, layout_basic, uniq_jorgrun
Lair:1:   layout_roguey, serial_bayou, serial_bayou_pond_a,
          serial_bayou_shore_a, serial_bayou_pond_e, serial_bayou_pond_e
Lair:2:   layout_chaotic_city
Lair:3:   layout_small_grid, palyth_hydra_swamp_entry,
          minmay_snake_entry_six_corridors
Lair:4:   layout_regular_city, slime_entry_1, grunt_forest_small_clearing_treed,
          grunt_megastairs_4
Lair:5:   due_jungle_book, layout_gridlike, lemuel_fruit_fields
Swamp:1:  layout_basic_swamp, serial_swamp_ruin, evilmike_swamp_ruin_rubble_2,
          evilmike_swamp_ruin_house_5, evilmike_swamp_ruin_house_6, swamp_pool4,
          nicolae_swamp_spriggan_camp, uniq_donald, uniq_nikola, uniq_aizul
Swamp:2:  layout_falls_marsh, evilmike_swamp_ruin_house_3
Swamp:3:  layout_falls_marsh, portal_ice_cave_entry_frozen_things,
          hangedman_swamp_ruin_wall, swamp_pool1, st_swamp_ruins_3,
          infiniplex_staircase_pool
Swamp:4:  swamp, layout_basic_swamp, infiniplex_staircase_pool_2
Snake:1:  layout_misc_corridors, dpeg_stationary_puzzle
Snake:2:  layout_gridlike, grunt_megastairs_1, minmay_shoptagon
Snake:3:  layout_rooms, uniq_saint_roka, uniq_mara, uniq_louise
Orc:1:    layout_caves
Orc:2:    grunt_orc_community_town_hall, layout_diamond_mine,
          grunt_orc_community_big_house_2, grunt_orc_community_big_house_2,
          grunt_orc_community_house_3, grunt_orc_community_house_3,
          grunt_orc_community_house_2, grunt_orc_community_house_3,
          serial_shops, nicolae_shop_advertising_works
          [nicolae_subvault_shop_adworks], library_closet

Skill      XL: |  1  2  3  4  5  6  7  8  9 10 11 12 13 14 15 16 17 |
---------------+----------------------------------------------------+-----
Unarmed Combat | 2 |  2.2
Axes           | 1 3 4 6 8 9 12 13 14 15 16 17 | 17.4
Fighting       | 6 10 14 15 16 18 19 | 19.5
Spellcasting   | 4 6 |  6.7
Conjurations   | 4 7 8 |  8.0
Fire Magic     | 4 7 9 12 13 14 | 14.2
Dodging        | |  1.7
Stealth        | |  4.5

Action                   |  1- 3 |  4- 6 |  7- 9 | 10-12 | 13-15 | 16-18 || total
-------------------------+-------+-------+-------+-------+-------+-------++-------
Melee: Hand axe          |   105 |   101 |       |       |   520 |   505 ||  1231
       Unarmed           |    13 |       |       |       |       |       ||    13
       Punch             |       |     1 |     1 |       |       |       ||     2
       War axe           |       |    51 |   272 |   571 |   570 |       ||  1464
       Rapier            |       |       |     6 |       |       |       ||     6
       Kick              |       |       |     3 |    15 |     5 |     5 ||    28
       Headbutt          |       |       |     2 |    10 |     1 |     2 ||    15
       Dagger            |       |       |       |    16 |    20 |       ||    36
       Lance             |       |       |       |    88 |   627 |       ||   715
       Demon trident     |       |       |       |       |     3 |     3 ||     6
       Staff             |       |       |       |       |       |    28 ||    28
 Fire: Shortbow          |     9 |     1 |    26 |       |       |       ||    36
Throw: Dart              |       |     1 |    10 |    25 |    45 |    25 ||   106
       Throwing net      |       |     1 |     1 |       |       |       ||     2
       Boomerang         |       |       |    23 |    36 |    19 |       ||    78
 Cast: Foxfire           |     4 |     7 |     8 |    32 |   124 |   134 ||   309
       Beastly Appendage |       |       |     2 |     6 |     1 |     1 ||    10
       Wereblood         |       |       |       |    11 |     4 |     4 ||    19
       Sticky Flame      |       |       |       |       |    16 |    18 ||    34
       Iskenderun's Batt |       |       |       |       |    21 |    19 ||    40
       Fireball          |       |       |       |       |     8 |    60 ||    68
       Flame Wave        |       |       |       |       |     5 |    30 ||    35
       Blink             |       |       |       |       |     1 |     1 ||     2
       Inner Flame       |       |       |       |       |       |     7 ||     7
Evoke: Wand              |     1 |       |     5 |     8 |     4 |     1 ||    19
       Phantom mirror    |       |     1 |     1 |     2 |       |       ||     4
  Use: Scroll            |     2 |       |       |    15 |    10 |     4 ||    31
       Potion            |       |       |       |     5 |     7 |     5 ||    17
 Stab: Sleeping          |     4 |     9 |     7 |     2 |     9 |     1 ||    32
       Distracted        |       |     2 |     2 |       |     2 |     1 ||     7
       Held in net/web   |       |       |     2 |       |       |       ||     2
       Paralysed         |       |       |     1 |       |     5 |       ||     6
       Petrified         |       |       |       |       |    15 |       ||    15
       Petrifying        |       |       |       |       |     5 |       ||     5
Armor: Ring mail         |    23 |    35 |    14 |   169 |   135 |       ||   376
       Leather armour    |     3 |       |       |       |       |       ||     3
       Steam dragon scal |       |       |    57 |       |       |       ||    57
       Acid dragon scale |       |       |     1 |    42 |    37 |   122 ||   202
       Scale mail        |       |       |       |     3 |       |       ||     3
       Troll leather arm |       |       |       |       |   346 |   127 ||   473
       Chain mail        |       |       |       |       |    49 |       ||    49
Dodge: Dodged            |    76 |    82 |   139 |   291 |   713 |   340 ||  1641
Block: Kite shield       |       |     6 |       |       |       |       ||     6
       Buckler           |       |       |    29 |    96 |   318 |   236 ||   679

Table legend: (Time is in decaauts)
 A = Elapsed time spent in this place.
 B = Non-inter-level travel time spent in this place.
 C = Inter-level travel time spent in this place.
 D = Time resting spent in this place.
 E = Time spent auto-exploring this place.
 F = Levels seen in this place.
 G = Mean time per level.
                   A        B        C        D        E       F      G
               +--------+--------+--------+--------+--------+-----+--------+
         Total |  42630 |  40484 |   2146 |   9157 |  20270 |  31 | 1375.2 |
       Dungeon |  19065 |  17952 |   1113 |   4234 |   9264 |  15 | 1271.0 |
          Lair |  10596 |  10079 |    517 |   2066 |   5780 |   5 | 2119.2 |
         Swamp |   4745 |   4580 |    165 |   1347 |   1845 |   4 | 1186.2 |
     Snake Pit |   3308 |   3107 |    201 |    801 |   1221 |   3 | 1102.7 |
  Orcish Mines |   2548 |   2400 |    148 |    123 |   1448 |   2 | 1274.0 |
         Abyss |    880 |    880 |      0 |    304 |     17 |   1 |  880.0 |
      Ice Cave |   1485 |   1485 |      0 |    280 |    694 |   1 | 1485.0 |
               +--------+--------+--------+--------+--------+-----+--------+

Top non-repeatable levels by time:
  Lair:5: 3326 daAuts
  Lair:3: 2840 daAuts
 Snake:2: 2167 daAuts
    D:12: 2072 daAuts
    D:11: 1938 daAuts
   Orc:2: 1865 daAuts
     D:9: 1762 daAuts
  Lair:4: 1626 daAuts
    D:14: 1595 daAuts
 Swamp:3: 1512 daAuts
   IceCv: 1485 daAuts
  Lair:1: 1460 daAuts
 Swamp:2: 1458 daAuts
     D:4: 1431 daAuts
     D:5: 1403 daAuts
